| TOP OF THE 1ST |
|
San Francisco Giants batting - Pitching for New York Yankees : RHP Mike Whiteford
|
|
Pitching: RHP Mike Whiteford
|
|
|
Batting: RHB José González
|
0-0: DOUBLE (Groundball, 5L, EV 105.6 MPH)
|
|
Batting: LHB Bradley Zimmer
|
0-0: Foul Ball, location: 2F 0-1: Ball 1-1: Swinging Strike 1-2: Foul Ball, location: 2F 1-2: Ball 2-2: Strikes out swinging
|
|
Batting: LHB Dominic Smith
|
0-0: Ball 1-0: Foul Ball, location: 23F 1-1: Foul Ball, location: 2F 1-2: Ground out 6-3 (Groundball, 6M, EV 103.8 MPH) José González to third
|
|
Batting: LHB Raimel Tapia
|
0-0: Foul Ball, location: 2F 0-1: Foul Ball, location: 7LMF 0-2: Foul Ball, location: 2F 0-2: Strikes out swinging
|
| Top of the 1st over - 0 runs, 1 hit, 0 errors, 1 left on base; San Francisco 0 - New York 0 |
| BOTTOM OF THE 1ST |
|
New York Yankees batting - Pitching for San Francisco Giants : LHP Jorge Arroyo
|
|
Pitching: LHP Jorge Arroyo
|
|
|
Batting: RHB Tyrone Taylor
|
0-0: Ball 1-0: Called Strike 1-1: Foul Ball, location: 2F 1-2: Strikes out swinging
|
|
Batting: LHB Luis Torrealba
|
0-0: Foul Ball, location: 7LSF 0-1: Ball 1-1: Foul Ball, location: 2RF 1-2: Ball 2-2: Strikes out looking
|
|
Batting: SHB Jonah Heim
|
0-0: Called Strike 0-1: Called Strike 0-2: Ball 1-2: Ball 2-2: Foul Ball, location: 3FF 2-2: Foul Ball, location: 2F 2-2: Fly out, F7 (Line Drive, 7, EV 111.3 MPH)
|
| Bottom of the 1st over - 0 runs, 0 hits, 0 errors, 0 left on base; San Francisco 0 - New York 0 |
| TOP OF THE 2ND |
|
San Francisco Giants batting - Pitching for New York Yankees : RHP Mike Whiteford
|
|
Batting: LHB Grabiel Jimenez
|
0-0: Ball 1-0: Ball 2-0: Called Strike 2-1: Foul Ball, location: 7LMF 2-2: Foul Ball, location: 7LSF 2-2: Ball 3-2: Foul Ball, location: 2F 3-2: Foul Ball, location: 2F 3-2: Foul Ball, location: 7LSF 3-2: Strikes out swinging, 2-3 out at first.
|
|
Batting: RHB Franly Mallen
|
0-0: Called Strike 0-1: Ball 1-1: SINGLE (Line Drive, 4MD, EV 98.8 MPH)
|
|
Batting: RHB Thom Williams
|
0-0: Ball 1-0: Called Strike 1-1: Fly out, F7 (Flyball, 78D, EV 81.9 MPH)
|
|
Batting: RHB Héctor Rodríguez
|
0-0: Ball 1-0: Called Strike 1-1: Called Strike 1-2: Ball Franly Mallen steals 2nd base 2-2: Ground out 5-3 (Groundball, 56, EV 87.5 MPH)
|
| Top of the 2nd over - 0 runs, 1 hit, 0 errors, 1 left on base; San Francisco 0 - New York 0 |
| BOTTOM OF THE 2ND |
|
New York Yankees batting - Pitching for San Francisco Giants : LHP Jorge Arroyo
|
|
Batting: RHB Li-Jen Chu
|
0-0: Called Strike 0-1: Ground out 5-3 (Groundball, 56S, EV 85.6 MPH)
|
|
Batting: RHB Israel Ávila
|
0-0: Ball 1-0: Called Strike 1-1: Foul Ball, location: 2F 1-2: Foul Ball, location: 7LDF 1-2: Fly out, F8 (Flyball, 78M, EV 98.8 MPH)
|
|
Batting: RHB David Carrasco
|
0-0: Ball 1-0: Fly out, F9 (Flyball, 89M, EV 93.8 MPH)
|
| Bottom of the 2nd over - 0 runs, 0 hits, 0 errors, 0 left on base; San Francisco 0 - New York 0 |
| TOP OF THE 3RD |
|
San Francisco Giants batting - Pitching for New York Yankees : RHP Mike Whiteford
|
|
Batting: RHB Benny Brown
|
0-0: Ball 1-0: Ground out 5-3 (Groundball, 56, EV 78.1 MPH)
|
|
Batting: RHB José González
|
0-0: Ball 1-0: Called Strike 1-1: Fly out, F9 (Flyball, 9S, EV 95.0 MPH)
|
|
Batting: LHB Bradley Zimmer
|
0-0: Called Strike 0-1: Ball 1-1: Fly out, F6 (Line Drive, 6, EV 70.6 MPH)
|
| Top of the 3rd over - 0 runs, 0 hits, 0 errors, 0 left on base; San Francisco 0 - New York 0 |
| BOTTOM OF THE 3RD |
|
New York Yankees batting - Pitching for San Francisco Giants : LHP Jorge Arroyo
|
|
Batting: RHB Joe Wallace
|
0-0: Reached on error, E6 (Groundball, 6S, EV 109.4 MPH)
|
|
Batting: RHB Willy Adames
|
0-0: Called Strike 0-1: Foul Ball, location: 3SF 0-2: Ball 1-2: SINGLE (Line Drive, 6MD, EV 104.4 MPH) Joe Wallace to third
|
|
Batting: RHB Oscar Price
|
0-0: Ball 1-0: Called Strike 1-1: Fly out, F8 (Line Drive, 8LM, EV 101.3 MPH)
|
|
Batting: RHB Tyrone Taylor
|
0-0: Ball 1-0: Swinging Strike 1-1: Swinging Strike 1-2: Ball 2-2: Ball 3-2: Foul Ball, location: 9LSF 3-2: Base on Balls Willy Adames to second
|
|
Batting: LHB Luis Torrealba
|
0-0: Called Strike 0-1: Ball 1-1: Ball 2-1: Foul Ball, location: 3F 2-2: Fly out, F9 (Flyball, 9S, EV 75.0 MPH)
|
|
Batting: SHB Jonah Heim
|
0-0: Swinging Strike 0-1: Foul Ball, location: 2F 0-2: Ball 1-2: SINGLE (Groundball, 6MD, EV 97.5 MPH) Joe Wallace scores Willy Adames to third Tyrone Taylor to second Runner from 3rd tries for Home, throw by CF and OUT! 8-3-2
|
| Bottom of the 3rd over - 1 run, 2 hits, 1 error, 2 left on base; San Francisco 0 - New York 1 |
| TOP OF THE 4TH |
|
San Francisco Giants batting - Pitching for New York Yankees : RHP Mike Whiteford
|
|
Batting: LHB Dominic Smith
|
0-0: Ball 1-0: Foul Ball, location: 3DF 1-1: Swinging Strike 1-2: Foul Ball, location: 3F 1-2: SINGLE (Groundball, 6MD, EV 100.0 MPH) (infield hit)
|
|
Batting: LHB Raimel Tapia
|
0-0: Ball 1-0: Ball 2-0: Swinging Strike 2-1: SINGLE (Line Drive, 89S, EV 88.1 MPH) Dominic Smith to second
|
|
Batting: LHB Grabiel Jimenez
|
0-0: Ball 1-0: Called Strike 1-1: Foul Ball, location: 3F 1-2: Strikes out looking
|
|
Batting: RHB Franly Mallen
|
0-0: Ball 1-0: Ball 2-0: Ball 3-0: Called Strike 3-1: Foul Ball, location: 9LSFF 3-2: Foul Ball, location: 7LSF 3-2: Foul Ball, location: 25F 3-2: Strikes out swinging
|
|
Batting: RHB Thom Williams
|
0-0: Foul Ball, location: 2F 0-1: Ball 1-1: Ball 2-1: Ball 3-1: Swinging Strike 3-2: Base on Balls Dominic Smith to third Raimel Tapia to second
|
|
Batting: RHB Héctor Rodríguez
|
0-0: Called Strike 0-1: Ball 1-1: Foul Ball, location: 2F 1-2: Ground out 5-3 (Groundball, 56S, EV 85.0 MPH)
|
| Top of the 4th over - 0 runs, 2 hits, 0 errors, 3 left on base; San Francisco 0 - New York 1 |
| BOTTOM OF THE 4TH |
|
New York Yankees batting - Pitching for San Francisco Giants : LHP Jorge Arroyo
|
|
Batting: RHB Li-Jen Chu
|
0-0: Foul Ball, location: 9LSFF 0-1: Fly out, F7 (Flyball, 78M, EV 96.3 MPH)
|
|
Batting: RHB Israel Ávila
|
0-0: Ball 1-0: Swinging Strike 1-1: Ball 2-1: Foul Ball, location: 3F 2-2: Foul Ball, location: 9LDF 2-2: Foul Ball, location: 9LDF 2-2: Foul Ball, location: 5F 2-2: Foul Ball, location: 2F 2-2: Strikes out swinging
|
|
Batting: RHB David Carrasco
|
0-0: Ball 1-0: Called Strike 1-1: Ball 2-1: Ball 3-1: Foul Ball, location: 2F 3-2: Base on Balls
|
|
Batting: RHB Joe Wallace
|
0-0: Ball 1-0: Swinging Strike 1-1: Called Strike 1-2: Fielders Choice at 2nd, 5-4 (Groundball, 56, EV 83.1 MPH)
|
| Bottom of the 4th over - 0 runs, 0 hits, 0 errors, 1 left on base; San Francisco 0 - New York 1 |
| TOP OF THE 5TH |
|
San Francisco Giants batting - Pitching for New York Yankees : RHP Mike Whiteford
|
|
Batting: RHB Benny Brown
|
0-0: SINGLE (Line Drive, 34D, EV 100.0 MPH)
|
|
Batting: RHB José González
|
0-0: Called Strike 0-1: Ball 1-1: Foul Ball, location: 2LF 1-2: Ball 2-2: Ball 3-2: SINGLE (Line Drive, 8LS, EV 100.6 MPH) Benny Brown to second
|
|
Batting: LHB Bradley Zimmer
|
0-0: Ball 1-0: Called Strike 1-1: Foul Ball, location: 7LMF 1-2: Foul Ball, location: 9LMFF 1-2: Foul Ball, location: 2F 1-2: Ball 2-2: Foul Ball, location: 2F 2-2: SINGLE (Groundball, 6MD, EV 102.5 MPH) Benny Brown to third José González to second
|
|
Batting: LHB Dominic Smith
|
0-0: Foul Ball, location: 2F 0-1: Fly out, F6 (Popup, 6M, EV 63.8 MPH)
|
|
Batting: LHB Raimel Tapia
|
0-0: Called Strike 0-1: Ball 1-1: Foul Ball, location: 7LMF 1-2: Fly out, F7 (Flyball, 78XD, EV 87.5 MPH) Runner from 3rd tags up, SCORES, no throw by LF José González to third
|
|
Batting: LHB Grabiel Jimenez
|
0-0: Called Strike 0-1: Foul Ball, location: 2F 0-2: Ball 1-2: Ball 2-2: Ball 3-2: Base on Balls Bradley Zimmer to second
|
|
Batting: RHB Franly Mallen
|
0-0: Ball 1-0: SINGLE (Groundball, P, EV 86.9 MPH) (infield hit) José González scores Bradley Zimmer to third Grabiel Jimenez to second
|
|
Pitching: RHP Dan Ibarra
|
|
|
Batting: RHB Thom Williams
|
0-0: Ball 1-0: Fly out, F9 (Flyball, 9, EV 100.0 MPH)
|
| Top of the 5th over - 2 runs, 4 hits, 0 errors, 3 left on base; San Francisco 2 - New York 1 |
| BOTTOM OF THE 5TH |
|
New York Yankees batting - Pitching for San Francisco Giants : LHP Jorge Arroyo
|
|
Batting: RHB Willy Adames
|
0-0: Ball 1-0: Called Strike 1-1: Called Strike 1-2: Ball 2-2: Ball 3-2: Base on Balls
|
|
Batting: RHB Oscar Price
|
0-0: Sac Bunt to P - play at second, runner safe!
|
|
Batting: RHB Tyrone Taylor
|
0-0: Swinging Strike 0-1: Fly out, F8 (Flyball, 78M, EV 83.1 MPH)
|
|
Batting: LHB Luis Torrealba
|
0-0: Ball 1-0: Fly out, F7 (Flyball, 7, EV 81.9 MPH)
|
|
Batting: SHB Jonah Heim
|
0-0: Ball 1-0: Called Strike 1-1: Foul Ball, location: 7LSF 1-2: Strikes out swinging
|
| Bottom of the 5th over - 0 runs, 0 hits, 0 errors, 2 left on base; San Francisco 2 - New York 1 |
| TOP OF THE 6TH |
|
San Francisco Giants batting - Pitching for New York Yankees : RHP Dan Ibarra
|
|
Batting: RHB Héctor Rodríguez
|
0-0: Called Strike 0-1: Swinging Strike 0-2: Foul Ball, location: 9LMF 0-2: Ball 1-2: Ball 2-2: Strikes out swinging
|
|
Batting: RHB Benny Brown
|
0-0: Ball 1-0: Foul Ball, location: 2F 1-1: Ball 2-1: Ball 3-1: Ground out 5-3 (Groundball, 56S, EV 85.0 MPH)
|
|
Batting: RHB José González
|
0-0: Swinging Strike 0-1: Ball 1-1: Ground out U3 (Groundball, 34, EV 106.9 MPH)
|
| Top of the 6th over - 0 runs, 0 hits, 0 errors, 0 left on base; San Francisco 2 - New York 1 |
| BOTTOM OF THE 6TH |
|
New York Yankees batting - Pitching for San Francisco Giants : LHP Jorge Arroyo
|
|
Batting: RHB Li-Jen Chu
|
0-0: Ball 1-0: Ball 2-0: Called Strike 2-1: Ball 3-1: Fly out, F7 (Flyball, 78M, EV 100.6 MPH)
|
|
Batting: RHB Israel Ávila
|
0-0: Ball 1-0: Called Strike 1-1: Fly out, F7 (Line Drive, 7S, EV 98.1 MPH)
|
|
Batting: RHB David Carrasco
|
0-0: Foul Ball, location: 2F 0-1: Foul Ball, location: 9LDF 0-2: Fly out, F8 (Flyball, 8LM, EV 93.8 MPH)
|
| Bottom of the 6th over - 0 runs, 0 hits, 0 errors, 0 left on base; San Francisco 2 - New York 1 |
| TOP OF THE 7TH |
|
San Francisco Giants batting - Pitching for New York Yankees : RHP Dan Ibarra
|
|
Batting: LHB Bradley Zimmer
|
0-0: Fly out, F9 (Flyball, 89S, EV 93.8 MPH)
|
|
Batting: LHB Dominic Smith
|
0-0: Called Strike 0-1: Foul Ball, location: 7LSF 0-2: Ball 1-2: Ball 2-2: Strikes out swinging
|
|
Batting: LHB Raimel Tapia
|
0-0: Ball 1-0: Foul Ball, location: 9LDF 1-1: SINGLE (Flyball, 78S, EV 99.4 MPH)
|
|
Batting: LHB Grabiel Jimenez
|
0-0: Foul Ball, location: 3FF 0-1: Ball 1-1: Ball 2-1: Fielders Choice at 2nd, 6-4 (Groundball, 4M, EV 103.8 MPH)
|
| Top of the 7th over - 0 runs, 1 hit, 0 errors, 1 left on base; San Francisco 2 - New York 1 |
| BOTTOM OF THE 7TH |
|
New York Yankees batting - Pitching for San Francisco Giants : LHP Jorge Arroyo
|
|
Pitching: RHP Juan Sánchez
|
|
|
Now in LF: Raimel Tapia
|
|
|
Now in RF: Leo Marrero
|
|
|
Batting: RHB Joe Wallace
|
0-0: Ball 1-0: Ball 2-0: Ball 3-0: Foul Ball, location: 2F 3-1: Base on Balls
|
|
Pinch Hitting: LHB Juan García
|
0-0: Called Strike 0-1: Ball 1-1: Swinging Strike 1-2: Ball 2-2: Ball 3-2: Strikes out looking
|
|
Batting: RHB Oscar Price
|
0-0: Called Strike 0-1: Ball 1-1: Called Strike 1-2: Strikes out swinging
|
|
Batting: RHB Tyrone Taylor
|
0-0: Ball Wild Pitch! Joe Wallace to second 1-0: Ball 2-0: Ball 3-0: Called Strike 3-1: Called Strike 3-2: Ground out 5-3 (Groundball, 56, EV 79.4 MPH)
|
| Bottom of the 7th over - 0 runs, 0 hits, 0 errors, 1 left on base; San Francisco 2 - New York 1 |
| TOP OF THE 8TH |
|
San Francisco Giants batting - Pitching for New York Yankees : RHP Dan Ibarra
|
|
Now at 2B: José Ruíz
|
|
|
Batting: RHB Franly Mallen
|
0-0: Ball 1-0: Ball 2-0: Called Strike 2-1: SINGLE (Line Drive, 5L, EV 93.8 MPH)
|
|
Batting: RHB Thom Williams
|
0-0: Ball 1-0: Called Strike 1-1: Called Strike 1-2: Ball 2-2: Foul Ball, location: 5F 2-2: Foul Ball, location: 2F 2-2: Foul Ball, location: 23FF 2-2: Ball 3-2: Fly out, F9 (Flyball, 9, EV 90.0 MPH)
|
|
Batting: RHB Héctor Rodríguez
|
0-0: Ball 1-0: Sac Bunt to 2R - play at first, batter OUT! 2-3 Franly Mallen to second
|
|
Batting: RHB Benny Brown
|
0-0: Ball 1-0: Fly out, F8 (Flyball, 8LM, EV 90.0 MPH)
|
| Top of the 8th over - 0 runs, 1 hit, 0 errors, 1 left on base; San Francisco 2 - New York 1 |
| BOTTOM OF THE 8TH |
|
New York Yankees batting - Pitching for San Francisco Giants : RHP Juan Sánchez
|
|
Batting: LHB Luis Torrealba
|
0-0: Swinging Strike 0-1: Foul Ball, location: 7LMF 0-2: Strikes out swinging
|
|
Batting: SHB Jonah Heim
|
0-0: Ball 1-0: Foul Ball, location: 7LMF 1-1: Called Strike 1-2: Ball 2-2: Foul Ball, location: 5SF 2-2: Foul Ball, location: 3FF 2-2: Foul Ball, location: 2F 2-2: Foul Ball, location: 23F 2-2: Foul Ball, location: 9LDF 2-2: Ball 3-2: SINGLE (Line Drive, 6D, EV 94.4 MPH)
|
|
Batting: RHB Li-Jen Chu
|
0-0: Ball 1-0: Ball 2-0: SINGLE (Groundball, 4MD, EV 95.0 MPH) Jonah Heim to second Runner from 2nd tries for 3rd, SAFE, throw by CF made at trailing runner, OUT! 8-3-6
|
|
Batting: RHB Israel Ávila
|
0-0: SINGLE (Groundball, 6MD, EV 97.5 MPH) Jonah Heim scores
|
|
Batting: RHB David Carrasco
|
0-0: Called Strike 0-1: Called Strike 0-2: Foul Ball, location: 2F 0-2: Foul Ball, location: 9LDF 0-2: Fielders Choice at 2nd, 6-4 (Groundball, 6, EV 97.5 MPH)
|
| Bottom of the 8th over - 1 run, 3 hits, 0 errors, 1 left on base; San Francisco 2 - New York 2 |
| TOP OF THE 9TH |
|
San Francisco Giants batting - Pitching for New York Yankees : RHP Dan Ibarra
|
|
Pitching: RHP Nate Brown
|
|
|
Batting: RHB José González
|
0-0: Ball 1-0: Reached via error on a dropped throw from 1B, E1 (Groundball, 34, EV 107.5 MPH)
|
|
Batting: LHB Bradley Zimmer
|
0-0: 2-RUN HOME RUN (Flyball, 78XD, EV 103.1 MPH), Distance : 407 ft
|
|
Batting: LHB Dominic Smith
|
0-0: SINGLE (Line Drive, 78S, EV 105.6 MPH)
|
|
Batting: LHB Raimel Tapia
|
0-0: Ball 1-0: Ball 2-0: Called Strike 2-1: Ball 3-1: Fly out, F8 (Line Drive, 8LS, EV 86.3 MPH)
|
|
Batting: RHB Leo Marrero
|
0-0: Ball 1-0: Ball 2-0: Ball 3-0: Called Strike 3-1: Called Strike 3-2: Foul Ball, location: 2RF 3-2: Base on Balls Dominic Smith to second
|
|
Batting: RHB Franly Mallen
|
0-0: Called Strike 0-1: Foul Ball, location: 2F 0-2: Fly out, F8 (Flyball, 8RD, EV 110.0 MPH)
|
|
Batting: RHB Thom Williams
|
0-0: Fly out, F9 (Flyball, 9LS, EV 95.6 MPH)
|
| Top of the 9th over - 2 runs, 2 hits, 1 error, 2 left on base; San Francisco 4 - New York 2 |
| BOTTOM OF THE 9TH |
|
New York Yankees batting - Pitching for San Francisco Giants : RHP Juan Sánchez
|
|
Pitching: RHP Pat Henderson
|
|
|
Batting: RHB Joe Wallace
|
0-0: Ball 1-0: Fly out, F4 (Popup, 3D, EV 70.6 MPH)
|
|
Batting: LHB José Ruíz
|
0-0: SINGLE (Groundball, 6MD, EV 103.1 MPH)
|
|
Pinch Hitting: LHB Cody Bellinger
|
0-0: Ball 1-0: Called Strike 1-1: Foul Ball, location: 25FF 1-2: Ball 2-2: Foul Ball, location: 7LDF 2-2: Strikes out looking
|
|
Batting: RHB Tyrone Taylor
|
0-0: Fly out, F8 (Flyball, 8LD, EV 103.8 MPH)
|
| Bottom of the 9th over - 0 runs, 1 hit, 0 errors, 1 left on base; San Francisco 4 - New York 2 |
|